 Dungeon Crawl Stone Soup version 0.20-a0-622-g01f5896 (webtiles) character file.

1027 HEYYEYAAE the Cudgeler (level 8, -7/74 HPs)
             Began as a Troll Berserker on Feb 9, 2017.
             Was a Priest of Trog.
             Mangled by an orc warrior
             ... wielding a +0 war axe
              (16 damage)
             ... on level 6 of the Dungeon.
             The game lasted 00:05:07 (4056 turns).

HEYYEYAAE the Cudgeler (Troll Berserker)            Turns: 4056, Time: 00:05:07

Health: -7/74      AC:  5    Str: 28    XL:     8   Next: 3%
Magic:  0/7        EV: 10    Int:  3    God:    Trog [***...]
Gold:   296        SH:  0    Dex:  9    Spells: 7/7 levels left

rFire    . . .     SeeInvis +   A - +0 falchion (vamp)
rCold    . . .     Gourm    +   b - +0 animal skin
rNeg     + . .     Faith    .   (no shield)
rPois    .         Spirit   +   (helmet restricted)
rElec    .         Reflect  .   (no cloak)
rCorr    .         Harm     .   (gloves unavailable)
MR       ++...                  (boots unavailable)
Stlth    ++........             i - amulet of guardian spirit
Regen    1.7/turn               s - ring of positive energy
                                d - ring of see invisible

@: exhausted, flying, regenerating, slowed, very slow
A: unfitting armour, claws 3, fast metabolism 3, gourmand, regeneration 1,
shaggy fur 1, tough skin 2
a: Berserk, Trog's Hand, Burn Spellbooks, Renounce Religion


You were on level 6 of the Dungeon.
You worshipped Trog.
Trog was most pleased with you.
You were not hungry.

You visited 1 branch of the dungeon, and saw 6 of its levels.

You collected 296 gold pieces.

Inventory:

Hand Weapons
 a - a +0 mace
 x - a +0 giant club
 A - a +0 vampiric falchion (weapon)
Armour
 b - a +0 animal skin (worn)
Jewellery
 d - a ring of see invisible (left claw)
 i - an amulet of guardian spirit (around neck)
 s - a ring of positive energy (right claw)
 B - an uncursed ring of protection from fire {unknown}
Wands
 p - a wand of flame (22/48)
Scrolls
 e - 2 scrolls of random uselessness {unknown}
 j - 2 scrolls of enchant armour {unknown}
 m - 7 scrolls of identify {unknown}
 n - 2 scrolls of remove curse {unknown}
 o - a scroll of magic mapping {unknown}
 t - a scroll of noise {unknown}
 u - a scroll of recharging {unknown}
 y - 2 scrolls of immolation {unknown}
Potions
 k - a potion of might
 q - 2 potions of berserk rage {unknown}
 r - a potion of haste {unknown}
 v - a potion of magic {unknown}
 z - a potion of flight
Books
 l - a book of Misfortune

   Spells                             Type                      Level
   a - Confusing Touch                Hexes                        1
   b - Confuse                        Hexes                        3
   c - Gell's Gravitas                Hexes/Translocation          3
   d - Petrify                        Transmutation/Earth          4
   e - Metabolic Englaciation         Hexes/Ice                    5
   f - Yara's Violent Unravelling     Hexes/Transmutation          5
   Trog disapproves of the use of such an item.
 w - a book of Maledictions

   Spells                             Type                      Level
   a - Corona                         Hexes                        1
   b - Ensorcelled Hibernation        Hexes/Ice                    2
   c - Confuse                        Hexes                        3
   d - Tukima's Dance                 Hexes                        3
   e - Dazzling Spray                 Conjuration/Hexes            3
   Trog disapproves of the use of such an item.
Comestibles
 c - 4 bread rations
 f - 17 fruits
 g - 4 meat rations
 h - a royal jelly


   Skills:
 - Level 2.4 Fighting
 * Level 7.6 Maces & Flails
 - Level 2.4 Dodging
 + Level 3.1 Stealth


You had 7 spell levels left.
You didn't know any spells.

Dungeon Overview and Level Annotations

Branches:
Dungeon (6/15)             Temple (0/1) D:4

Altars:
Ashenzari
Cheibriados
Fedhas
Makhleb
Okawaru
Qazlal
Vehumet


Innate Abilities, Weirdness & Mutations

You are too large for most types of armour.
You have claws for hands.
Your metabolism is lightning-fast.
You like to eat raw meat.
Your natural rate of healing is unusually fast.
You are covered in fur. (AC +1)
You have very tough skin. (AC +2)


Message History

The orc warrior hits you with a war axe.
* * * LOW HITPOINT WARNING * * *
Unknown command.
Unknown command.
Unknown command.
Okay, then.
Okay, then.
You feel better.
The orc warrior hits you with a war axe.
* * * LOW HITPOINT WARNING * * *
Unknown command.
Unknown command.
Unknown command.
It was a potion of flight.
You feel very buoyant.
You fly up into the air.
The orc warrior hits you with a war axe!
* * * LOW HITPOINT WARNING * * *
The orc warrior hits you with a war axe!
You die...

.......≈♣≈≈≈≈
##..##♣♣P≈≈P≈≈≈≈≈≈≈≈≈≈≈≈
#..#≈≈≈P≈≈♣≈≈≈≈≈≈≈≈≈≈≈≈≈
#.##≈≈P≈≈≈≈≈≈≈≈≈≈≈≈≈≈≈≈≈≈
#...≈♣≈≈≈≈≈P≈≈≈≈≈≈≈≈≈≈≈≈≈
###..≈≈≈≈≈≈≈≈≈≈≈≈≈≈≈≈≈≈≈P
##..PP≈≈≈≈≈≈≈≈≈≈≈≈≈≈≈PP
##.♣♣♣≈≈≈P≈o≈≈≈P≈≈≈P≈≈
#..≈♣♣ ♣≈P@≈PP≈≈P≈≈
##...♣♣♣♣♣P≈≈♣P≈♣≈♣
###.....P♣♣≈≈♣ ♣
#####.....## #######


You could see an orc warrior.

Vanquished Creatures
  The ghost of Torious the Conjurer, an amateur DECj (D:4)
  An ice beast (D:6)
  An ogre (D:4)
  2 centaurs (D:5)
  A scorpion (D:4)
  3 hounds
  An orc priest (D:5)
  3 orc wizards
  Ijyb (D:2)
  An iguana (D:4)
  2 worker ants (D:4)
  A hound skeleton (D:4)
  6 adders
  An ooze (D:1)
  An adder skeleton (D:3)
  4 worms
  4 dart slugs
  3 leopard geckos
  14 orcs
  3 bats
  6 giant cockroaches
  13 hobgoblins
  7 jackals
  A ball python (D:2)
  5 frilled lizards
  7 goblins
  7 kobolds
  A quokka skeleton (D:4)
  8 rats
109 creatures vanquished.

Notes
Turn   | Place    | Note
-------+----------+-------------------------------------------
     0 | D:1      | HEYYEYAAE the Troll Berserker began the quest for the Orb.
     0 | D:1      | Reached XP level 1. HP: 22/22 MP: 0/0
    14 | D:1      | Reached skill level 3 in Maces & Flails
    65 | D:1      | Reached XP level 2. HP: 28/29 MP: 1/1
   356 | D:1      | Reached XP level 3. HP: 34/36 MP: 2/2
   459 | D:1      | Reached ** piety under Trog
   526 | D:1      | Reached skill level 4 in Maces & Flails
   818 | D:2      | Found an iron altar of Okawaru.
   972 | D:2      | Reached XP level 4. HP: 43/44 MP: 3/3
  1289 | D:2      | Noticed Ijyb
  1301 | D:2      | Killed Ijyb
  1301 | D:2      | Reached skill level 1 in Stealth
  1588 | D:2      | Found a shattered altar of Ashenzari.
  1925 | D:3      | Reached skill level 5 in Maces & Flails
  1925 | D:3      | Reached XP level 5. HP: 45/50 MP: 1/4
  2309 | D:3      | Reached *** piety under Trog
  2552 | D:4      | Noticed Torious's ghost (amateur DECj)
  2559 | D:4      | Killed Torious's ghost
  2559 | D:4      | Reached XP level 6. HP: 59/59 MP: 5/5
  2562 | D:4      | Found a radiant altar of Vehumet.
  2581 | D:4      | Reached skill level 6 in Maces & Flails
  2656 | D:4      | Reached XP level 7. HP: 35/66 MP: 4/6
  2808 | D:4      | Found a staircase to the Ecumenical Temple.
  2844 | D:4      | Noticed a fire elemental
  2845 | D:4      | Found a stormy altar of Qazlal.
  2848 | D:4      | Noticed an air elemental
  2848 | D:4      | Noticed a water elemental
  3257 | D:5      | Entered Level 5 of the Dungeon
  3439 | D:5      | Reached skill level 7 in Maces & Flails
  3744 | D:5      | Found a blossoming altar of Fedhas.
  3975 | D:6      | Found a snail-covered altar of Cheibriados.
  3983 | D:6      | Found a burning altar of Makhleb.
  4043 | D:6      | Reached XP level 8. HP: 49/74 MP: 2/7
  4056 | D:6      | Mangled by an orc warrior

Vault maps used:
D:1:      dpeg_arrival_windows_large_door
D:2:      ashenzari_conservatory_becter, okawaru_metal_pillars_3, first_bread,
          uniq_iyjb
D:3:      kennysheep_generic_room_7
D:4:      minmay_wonky_spiral, vehumet_altar_wand_db, minmay_temple_entry_fiery,
          dk_vineyard_2, nrook_mini_backslash, minmay_misc_feat_pillars,
          nicolae_qazlal_style_of_elements
D:5:      fedhas_altar_2
D:6:      lemuel_doored_altar, marbit_many_paths,
          chequers_temple_overflow_statue_of_worship, minitemple, serial_bayou,
          serial_bayou_ford_a, serial_bayou_crossing, serial_bayou_lagoon_a,
          serial_bayou_lake_a, uniq_eustachio, uniq_pikel

Skill      XL: |  1  2  3  4  5  6  7 |
---------------+----------------------+-----
Maces & Flails | 3 4 5 6 7 |  7.6
Stealth        | 1 2 3 |  3.1
Fighting       | |  2.4
Dodging        | |  2.4

Action                   |  1- 3 |  4- 6 |  7- 9 || total
-------------------------+-------+-------+-------++-------
Melee: Mace              |   115 |   176 |    74 ||   365
       Falchion          |       |       |    27 ||    27
Invok: Berserk           |       |     2 |     3 ||     5
       Trog's Hand       |       |       |     2 ||     2
  Use: Potion            |       |     3 |     2 ||     5
 Stab: Invisible         |       |     2 |       ||     2
       Sleeping          |       |     1 |     1 ||     2
  Eat: Chunk             |    12 |    20 |    16 ||    48
Armor: Animal skin       |    61 |    67 |    18 ||   146
Dodge: Dodged            |    76 |   113 |    51 ||   240
       Rpst.: Falchion   |       |       |     3 ||     3
